 Dungeon Crawl Stone Soup version 0.32-a0-630-g46d191b0ed (webtiles) character file.

Game seed: 5704570129881307575

2580 Alarak the Spawn of Chaos (level 9, -2/74 HPs)
             Began as a Demonspawn Gladiator on Mar 7, 2024.
             Was an Initiate of Makhleb.
             Slain by an orc
             ... wielding a +0 short sword
              (3 damage)
             ... on level 8 of the Dungeon.
             The game lasted 00:16:01 (7137 turns).

Alarak the Spawn of Chaos (Demonspawn Gladiator)    Turns: 7137, Time: 00:16:01

Health: -2/74      AC: 14    Str: 23    XL:     9   Next: 32%
Magic:  15/15      EV:  7    Int: 12    God:    Makhleb [......]
Gold:   392        SH:  0    Dex: 13    Spells: 8/8 levels left

rFire   + . .        a - +1 war axe
rCold   + . .        (no shield)
rNeg    . . .        f - +0 plate armour
rPois   .            c - +2 helmet
rElec   .            v - scarf {rC+ rF+}
rCorr   .            (no gloves)
SInv    .            (no boots)
Will    .....        l - amulet of the acrobat Stlth
                     (no ring)
HPRegen 0.32/turn    (no ring)
MPRegen 0.14/turn

%: acrobat, clarity
@: no status effects
A: hooves 2, demonic guardian 1, big brain 2, clarity, strong 1
a: Renounce Religion


You were on level 8 of the Dungeon.
You worshipped Makhleb.
Makhleb was noncommittal.
You visited 2 branches of the dungeon, and saw 9 of its levels.

You collected 392 gold pieces.

Inventory:

Hand Weapons
 a - a +1 war axe (weapon)
 n - a +2 orcbow of electrocution
 r - a +2 halberd of freezing
Missiles
 d - 4 throwing nets (quivered)
 e - 4 javelins
Armour
 c - a +2 helmet (worn)
 f - a +0 plate armour (worn)
 s - a +0 cloak
 v - a scarf of resistance (worn)
Jewellery
 k - a ring of fire
 l - an amulet of the acrobat (around neck)
Wands
 b - a wand of flame (25)
Potions
 g - 3 potions of lignification
 i - a potion of mutation
 j - a potion of attraction
 o - 3 potions of enlightenment


   Skills:
 - Level 8.1 Fighting
 - Level 6.2 Axes
 - Level 1.7 Throwing
 + Level 3.4 Armour
 - Level 2.6 Dodging
 - Level 8.6 Invocations


You had 8 spell levels left.
You didn't know any spells.
Your spell library contained the following spells:

 Spells                   Type           Power      Damage    Failure   Level
 Ensorcelled Hibernation  Hex/Ice        0%         N/A       100%        2
 Inner Flame              Hex/Fire       0%         N/A       100%        3
 Plasma Beam              Fire/Air       0%         2x1d10    100%        6
 Starburst                Conj/Fire      0%         6d3       100%        6


Dungeon Overview and Level Annotations

Branches:
Dungeon (8/15)             Temple (1/1) D:6
   Lair: D:8-11

Altars:
Ashenzari
Cheibriados
Dithmenos
Fedhas
Gozag
Hepliaklqana
Kikubaaqudgha
Makhleb
Nemelex Xobeh
Okawaru
Qazlal
Ru
Sif Muna
Trog
Uskayaw
Vehumet
Wu Jian
Xom
Yredelemnul

Shops:
D:6 ?

Annotations:
D:8 Prince Ribbit


Innate Abilities, Weirdness & Mutations

You have hoof-like feet.
A weak demonic guardian rushes to your aid.
You have an extremely huge brain. (Int +4)
You possess an exceptional clarity of mind.
Your muscles are strong. (Str +4, Int/Dex -1)


Message History

a +0 dagger; an orc corpse
Okay, then.
The orc warrior hits your iron imp with a +0 scimitar!
Your iron imp hits the orc warrior but does no damage.
The orc warrior hits your iron imp with a +0 scimitar!!
Your iron imp dies!
Your iron imp disappears in a puff of smoke!
An orc warrior is nearby!
As you read the scroll of enchant armour, it crumbles to dust.
Your +1 helmet glows green for a while.
An orc warrior is nearby!
An orc warrior is nearby!
An orc warrior is nearby!
You hear the faint creaking of a very distant portcullis.
An orc warrior is nearby!
Prince Ribbit comes into view.
Prince Ribbit gives a loud, deep croak!
Prince Ribbit blinks!
You barely miss the orc warrior. Your kick misses the orc warrior.
The orc warrior is severely wounded.
You hit Prince Ribbit.
The orc warrior hits you with a +0 scimitar!
* * * LOW HITPOINT WARNING * * *
A demonic guardian appears!
Prince Ribbit barely misses you.
The orc warrior hits you with a +0 scimitar.
* * * LOW HITPOINT WARNING * * *
You hit Prince Ribbit.
Prince Ribbit is lightly wounded.
You closely miss the orc warrior.
Prince Ribbit says, "You're just another fly to me."
Prince Ribbit blinks!
Prince Ribbit hops awkwardly around.
Prince Ribbit blinks!
The orc warrior hits you with a +0 scimitar.
* * * LOW HITPOINT WARNING * * *
You slash the orc warrior! You kick the orc warrior.
You kill the orc warrior!
Makhleb accepts your kill. The orc hits you with a +0 short sword.
You die...

##################
.........o.o.o...#
################.#
#...)o)o.# #.#
###o######.# #.#
.o..# #o# #####
#o# #@# #5# #.#
#.# #.# F.# .ß.
#.# ..#


You could see Prince Ribbit, 2 orcs and a friendly ufetubus (summoned).

Vanquished Creatures
  Menkaure (D:4)
  A water moccasin (D:7)
  4 ice beasts
  A black bear (D:5)
  An orc warrior (D:8)
  2 phantoms
  2 centaurs
  Blork the orc (D:4)
  A bullfrog (D:7)
  A gnoll sergeant (D:5)
  3 scorpions
  4 wights (D:6)
  3 killer bees (D:7)
  3 bombardier beetles
  3 jellies (D:6)
  4 iguanas
  2 orc priests
  5 hounds
  2 sleepcaps
  3 orc wizards
  Robin (D:3)
  9 adders
  A white imp (D:7)
  4 ribbon worms
  5 dart slugs
  14 orcs
  3 endoplasms
  2 giant cockroaches
  13 goblins
  11 hobgoblins
  5 quokkas
  8 ball pythons
  5 bats
  2 frilled lizards
  6 kobolds
  2 rats
138 creatures vanquished.

Vanquished Creatures (collateral kills)
  A killer bee (D:7)
1 creature vanquished.

Grand Total: 139 creatures vanquished

Notes
Turn   | Place    | Note
-------+----------+-------------------------------------------
     0 | D:1      | Alarak the Demonspawn Gladiator began the quest for the
                  | Orb.
     0 | D:1      | Reached XP level 1. HP: 16/16 MP: 1/1
   272 | D:1      | Gained mutation: You have large cloven feet. [demonic
                  | ancestry]
   272 | D:1      | Reached XP level 2. HP: 17/22 MP: 2/2
   407 | D:1      | Found a faded altar of an unknown god.
   801 | D:2      | Reached XP level 3. HP: 24/27 MP: 3/3
   922 | D:2      | Found a blossoming altar of Fedhas.
  1369 | D:2      | Reached XP level 4. HP: 33/33 MP: 4/4
  1408 | D:2      | Noticed a phantom
  1437 | D:2      | Killed a phantom
  1438 | D:2      | Reached skill level 5 in Axes
  1438 | D:2      | Reached XP level 5. HP: 5/38 MP: 5/5
  2166 | D:3      | Noticed Robin
  2170 | D:3      | Gained mutation: You have hoof-like feet. [demonic
                  | ancestry]
  2170 | D:3      | Reached XP level 6. HP: 39/44 MP: 6/6
  2175 | D:3      | Killed Robin
  2995 | D:4      | Found a blossoming altar of Fedhas.
  2995 | D:4      | Noticed Blork the orc
  3002 | D:4      | Killed Blork the orc
  3184 | D:4      | Noticed Menkaure
  3195 | D:4      | Killed Menkaure
  3196 | D:4      | Gained mutation: You have an unusually large brain. (Int
                  | +2) [demonic ancestry]
  3196 | D:4      | Reached XP level 7. HP: 26/55 MP: 7/7
  3341 | D:4      | Reached skill level 5 in Fighting
  3589 | D:5      | Entered Level 5 of the Dungeon
  4360 | D:5      | Gained mutation: A weak demonic guardian rushes to your
                  | aid. [demonic ancestry]
  4360 | D:5      | Reached XP level 8. HP: 62/67 MP: 8/8
  5422 | D:6      | Found a staircase to the Ecumenical Temple.
  5438 | Temple   | Entered the Ecumenical Temple
  5443 | Temple   | Became a worshipper of Makhleb the Destroyer
  5601 | D:6      | Reached skill level 5 in Invocations
  6012 | D:6      | Found Nudux's Magic Scroll Shoppe.
  6021 | D:6      | Gained mutation: You have an extremely huge brain. (Int +4)
                  | [demonic ancestry]
  6021 | D:6      | Reached XP level 9. HP: 70/74 MP: 14/14
  6553 | D:7      | Got the Catalogue of the Snowy Torch
  6667 | D:7      | Reached skill level 1 in Armour
  6795 | D:7      | Gained mutation: Your muscles are strong. (Str +4, Int/Dex
                  | -1) [potion of mutation]
  6795 | D:7      | Gained mutation: You possess an exceptional clarity of
                  | mind. [potion of mutation]
  7129 | D:8      | Noticed Prince Ribbit
  7136 | D:8      | HP: 1/74 [orc warrior/+0 scimitar (5)]
  7137 | D:8      | Slain by an orc

Illustrated notes

Levels and vault maps discovered:
D:1:      nagdon_arrival_zigzag_paths, layout_loops_ring,
          hellmonk_ecumenical_altar_inner_sanctum, minmay_nonomino_d4
D:2:      layout_loops_ring, basic_altar
D:3:      layout_basic, minmay_quadrilaterals, uniq_robin
D:4:      nicolae_cairo_tiling_large, layout_loops_ring,
          mainiacjoe_overflow_paths, uniq_blork_the_orc, uniq_menkaure
D:5:      minmay_spotlight, layout_layer_cave
D:6:      layout_loops_cross, minmay_temple_entry_grid, nicolae_lava_and_water,
          supply_closet_lemuel, kennysheep_windowed_goal
D:7:      kennysheep_slugbush, layout_basic, enter_ossuary_1, uniq_maggie,
          uniq_pikel
D:8:      layout_basic, lair_entry_dummy, serial_shops, shop_statue,
          enter_bailey_1, minmay_misc_feat_diagonals, minmay_shop_mass,
          uniq_maurice, uniq_grum, uniq_prince_ribbit1
Temple:   compressed_dpeg_triangle_lava_temple

Skill      XL: |  1  2  3  4  5  6  7  8  9 |
---------------+----------------------------+-----
Axes           | 3 4 5 6 |  6.2
Fighting       | 4 7 8 |  8.1
Invocations    | 7 8 |  8.6
Armour         | 3 |  3.4
Throwing       | |  1.7
Dodging        | |  2.6

Action                     |  1- 3 |  4- 6 |  7- 9 || total
---------------------------+-------+-------+-------++-------
  Melee: War axe           |    80 |   121 |   254 ||   455
         Kick              |    17 |    32 |    82 ||   131
    Use: Scroll            |     5 |     6 |     8 ||    19
         Potion            |       |     1 |    11 ||    12
   Stab: Sleeping          |     1 |       |       ||     1
         Invisible         |       |     1 |       ||     1
         Distracted        |       |       |     1 ||     1
 Armour: Leather armour    |    59 |    43 |       ||   102
         Plate armour      |       |    26 |   323 ||   349
         Chain mail        |       |     6 |       ||     6
  Dodge: Dodged            |    70 |    70 |   114 ||   254

Table legend: (Time is in decaauts)
 A = Elapsed time spent in this place.
 B = Non-inter-level travel time spent in this place.
 C = Inter-level travel time spent in this place.
 D = Time resting spent in this place.
 E = Time spent auto-exploring this place.
 F = Levels seen in this place.
 G = Mean time per level.
                   A        B        C        D        E       F      G
               +--------+--------+--------+--------+--------+-----+--------+
         Total |   7231 |   6856 |    375 |   1184 |   4564 |   9 |  803.4 |
       Dungeon |   7220 |   6854 |    366 |   1184 |   4564 |   8 |  902.5 |
        Temple |     10 |      1 |      9 |      0 |      0 |   1 |   10.0 |
               +--------+--------+--------+--------+--------+-----+--------+

Top non-repeatable levels by time:
     D:5: 1829 daAuts
     D:6: 1108 daAuts
     D:3: 996 daAuts
     D:2: 923 daAuts
     D:4: 913 daAuts
     D:1: 808 daAuts
     D:7: 577 daAuts
     D:8: 63 daAuts
  Temple: 10 daAuts
